 Dungeon Crawl Stone Soup version 0.28-a0-1235-g7c8fac35f0 (webtiles) character file.

Game seed: 17612076733544312819

336 r3xj the Skirmisher (level 6, -3/57 HPs)
             Began as a Minotaur Fighter on Dec 25, 2021.
             Shot with an arrow by a centaur (7 damage)
             ... on level 5 of the Dungeon.
             The game lasted 00:06:31 (2973 turns).

r3xj the Skirmisher (Minotaur Fighter)              Turns: 2973, Time: 00:06:32

Health: -3/57      AC:  7    Str: 22    XL:     6   Next: 28%
Magic:  5/5        EV:  9    Int: 11    God:
Gold:   131        SH:  4    Dex: 10    Spells: 5/5 levels left

rFire   . . .      SeeInvis +   a - +0 flail
rCold   . . .      Faith    .   c - +0 buckler
rNeg    . . .      Spirit   .   b - +0 scale mail
rPois   .          Reflect  .   (helmet restricted)
rElec   .          Harm     .   p - scarf {+Inv}
rCorr   .          Rampage  .   (no gloves)
Will    .....                   (no boots)
Stlth   ..........              (no amulet)
HPRegen 0.19/turn               v - ring of see invisible
MPRegen 0.09/turn               g - +6 ring of intelligence

@: no status effects
A: horns 2, retaliatory headbutt
a: Evoke Invisibility


You were on level 5 of the Dungeon.
You visited 1 branch of the dungeon, and saw 5 of its levels.

You collected 131 gold pieces.

Inventory:

Hand Weapons
 a - a +0 flail (weapon)
Armour
 b - a +0 scale mail (worn)
 c - a +0 buckler (worn)
 p - a scarf of invisibility (worn)
Jewellery
 f - a ring of wizardry
 g - a +6 ring of intelligence (right hand)
 v - a ring of see invisible (left hand)
Scrolls
 e - 2 scrolls of teleportation {unknown}
 h - 2 scrolls of identify {unknown}
 i - 2 scrolls of holy word {unknown}
 j - a scroll of enchant weapon {unknown}
 k - 2 scrolls of fear {unknown}
 l - a scroll of immolation {unknown}
 s - a scroll of vulnerability {unknown}
Potions
 d - a potion of might
 m - a potion of haste {unknown}
 n - a potion of attraction {unknown}
 o - 2 potions of degeneration {unknown}
 q - a potion of lignification {unknown}
 r - a potion of berserk rage {unknown}
 t - a potion of invisibility {unknown}
 u - a potion of curing {unknown}


   Skills:
 + Level 5.7 Fighting
 * Level 4.9 Maces & Flails
 - Level 5.6 Armour
 - Level 4.0 Shields


You had 5 spell levels left.
You didn't know any spells.
Your spell library contained the following spells:

 Spells                   Type           Power      Damage    Failure   Level
 Gell's Gravitas          Tloc           0%         N/A       95%         3
 Lesser Beckoning         Tloc           0%         N/A       95%         3
 Teleport Other           Tloc           0%         N/A       95%         3


Dungeon Overview and Level Annotations

Branches:
Dungeon (5/15)
 Temple: D:4-7

Altars:
Elyvilon
Gozag
The Shining One


Innate Abilities, Weirdness & Mutations

You have a pair of horns on your head.
You reflexively headbutt those who attack you in melee.


Message History

Done exploring.
There is a stone staircase leading down here.
You remove your ring of wizardry.
v - a ring of see invisible (left hand) Done exploring.
Done exploring.
There is a stone staircase leading down here.
You climb downwards.
Found a robe.
There is a stone staircase leading up here.
Found 25 arrows.
No target in view!
A centaur and Menkaure come into view.
The centaur shouts!
Menkaure mumbles some strange words.
Menkaure seems to speed up.
The centaur moves out of view.
Found a morningstar.
The centaur wields a +0 shortbow.
The centaur shoots an arrow.
The arrow hits you.
There are monsters nearby!
Menkaure casts a spell at you.
You barely resist.
The centaur shoots an arrow.
The arrow hits you.
There are monsters nearby!
Found a stone staircase leading down.
Menkaure hits you but does no damage.
The centaur shoots an arrow.
The arrow closely misses you.
There are monsters nearby!
You barely miss Menkaure. You headbutt Menkaure.
Menkaure is moderately damaged.
The centaur shoots an arrow.
The arrow hits you! Menkaure hits you!!
The centaur shoots an arrow.
You block the arrow. Menkaure hits you but does no damage.
You thump Menkaure! You headbutt Menkaure.
Menkaure is severely damaged.
The centaur shoots an arrow.
The arrow closely misses you. Menkaure hits you!
* * * LOW HITPOINT WARNING * * *
The centaur shoots an arrow.
You block the arrow.
You thump Menkaure!
You destroy Menkaure!
The centaur shoots an arrow.
The arrow barely misses you.
The centaur shoots an arrow.
The arrow hits you!
You die...

## #### ..
.....#.
#....#>
#)...
#.c.###
#.@.##
###..# ##.#
#.# #.##
#..## #####
##..##...(.
##....#
##...#


You could see a centaur.

Vanquished Creatures
  Menkaure (D:5)
  A scorpion (D:4)
  A jelly (D:4)
  2 iguanas (D:4)
  A howler monkey skeleton (D:4)
  9 adders
  An adder skeleton (D:4)
  4 worms
  2 dart slugs
  3 orcs
  10 endoplasms
  5 giant cockroaches
  5 goblins
  6 hobgoblins
  3 jackals (D:2)
  6 kobolds
  3 quokkas
  8 ball pythons
  4 bats
  4 frilled lizards
  4 rats
83 creatures vanquished.

Notes
Turn   | Place    | Note
-------+----------+-------------------------------------------
     0 | D:1      | r3xj the Minotaur Fighter began the quest for the Orb.
     0 | D:1      | Reached XP level 1. HP: 19/19 MP: 0/0
   194 | D:1      | Reached XP level 2. HP: 21/27 MP: 1/1
   277 | D:1      | You fall into a shaft and drop 1 floor!
   277 | D:2      | Found a glowing golden altar of the Shining One.
   400 | D:2      | Reached XP level 3. HP: 13/33 MP: 2/2
   938 | D:2      | Reached XP level 4. HP: 38/41 MP: 3/3
  1362 | D:3      | Found an opulent altar of Gozag.
  1435 | D:3      | Found a white marble altar of Elyvilon.
  1794 | D:3      | Reached XP level 5. HP: 47/47 MP: 4/4
  2223 | D:4      | Reached skill level 5 in Fighting
  2223 | D:4      | Reached skill level 5 in Armour
  2490 | D:4      | Reached XP level 6. HP: 48/56 MP: 5/5
  2958 | D:5      | Entered Level 5 of the Dungeon
  2967 | D:5      | Noticed Menkaure
  2973 | D:5      | Killed Menkaure
  2973 | D:5      | Shot with an arrow by a centaur

Illustrated notes

Levels and vault maps discovered:
D:1:      wander_arrival_estate, layout_basic
D:2:      layout_loops_ring, basic_altar, minmay_domino_4
D:3:      layout_rooms, mainiacjoe_overflow_catch_the_wave
D:4:      layout_rooms, hangedman_minor_gate_pass
D:5:      layout_rooms, lemuel_round_altar, serial_shops,
          nicolae_shop_temple_entry_statues_fountains, uniq_menkaure

Skill      XL: |  1  2  3  4  5 |
---------------+----------------+-----
Fighting       | 4 5 |  5.7
Maces & Flails | 3 4 |  4.9
Armour         | 4 5 |  5.6
Shields        | 4 |  4.0

Action                   |  1- 3 |  4- 6 || total
-------------------------+-------+-------++-------
Melee: Flail             |    92 |   134 ||   226
       Headbutt          |    10 |    26 ||    36
Armor: Scale mail        |    45 |    69 ||   114
Dodge: Dodged            |    36 |    66 ||   102
Block: Buckler           |    27 |    38 ||    65

Table legend: (Time is in decaauts)
 A = Elapsed time spent in this place.
 B = Non-inter-level travel time spent in this place.
 C = Inter-level travel time spent in this place.
 D = Time resting spent in this place.
 E = Time spent auto-exploring this place.
 F = Levels seen in this place.
 G = Mean time per level.
                   A        B        C        D        E       F      G
               +--------+--------+--------+--------+--------+-----+--------+
         Total |   3019 |   2881 |    138 |      0 |   2384 |   5 |  603.8 |
       Dungeon |   3019 |   2881 |    138 |      0 |   2384 |   5 |  603.8 |
               +--------+--------+--------+--------+--------+-----+--------+

Top non-repeatable levels by time:
     D:2: 1052 daAuts
     D:3: 908 daAuts
     D:4: 760 daAuts
     D:1: 283 daAuts
     D:5: 15 daAuts
